Map: 2000 Atmospheres LE

Players

AgoElazer (Elazer) - Winner!

  • Race: Zerg Zerg

Erik

  • Race: Zerg Zerg

Event: DreamHack SC2 Masters Last Chance 2022

VOD

Have the link to the VOD?

Description

Time

  • Played on: Dec. 19, 2021, 6:45 p.m.
  • Length: 6:12

All games in this series

Show
View Real Time Build Order
Export as new Build Order

AgoElazer Zerg - Winner!

Build Orders: Hatch First 

Get SALT Encoding   

  12  0:00  Drone  
  13  0:12  Overlord  
  13  0:17  Drone  
  14  0:31  Drone x2  
  16  0:47  Hatchery  
  15  0:51  Drone  
  15  0:54  Drone  
  17  0:57  Drone  
  18  1:09  Extractor  
  17  1:13  Spawning Pool  
  17  1:16  Drone  
  17  1:19  Drone  
  18  1:28  Drone  
  19  1:39  Drone  
  20  1:49  Drone  
  21  2:00  Queen x2  
  21  2:01  Zergling x4  
  27  2:09  Metabolic Boost  
  27  2:11  Zergling x2  
  27  2:15  Overlord  
  28  2:40  Drone x4  
  32  2:47  Overlord  
  32  2:48  Drone  
  32  2:50  Queen  
  35  2:54  Drone  
  36  3:07  Drone x3  
  39  3:13  Evolution Chamber, Queen  
  39  3:14  Evolution Chamber  
  39  3:16  Evolution Chamber  
  39  3:18  Spine Crawler  
  37  3:29  Drone x4  
  37  3:33  Overlord  
  38  3:35  Zergling x2  
  41  3:43  Zergling x6  
  44  3:54  Zergling x4  
  45  4:00  Zerg Ground Armor Level 1, Zerg Melee Weapons Level 1  
  45  4:08  Hatchery  
  44  4:12  Zergling x6  
  47  4:19  Overlord  
  47  4:22  Zergling x6  
  49  4:29  Zergling x4  
  51  4:33  Overlord  
  51  4:35  Extractor  
  51  4:36  Extractor  
  51  4:37  Zergling x6  
  52  4:39  Zergling x4  
  52  4:41  Zergling x2  
  57  4:51  Zergling x4  
  54  5:00  Zergling x4  
  54  5:03  Zergling x6  
  54  5:04  Zergling x6  
  55  5:16  Zergling x4  
  56  5:23  Zergling x6  
  59  5:33  Zergling x6  
  63  5:35  Zergling x12  
  63  5:42  Zergling x2  
  69  5:49  Overlord  
  68  5:54  Roach Warren  
Show
View Real Time Build Order
Export as new Build Order

Erik Zerg 

Build Orders: Pool First 

Get SALT Encoding   

  12  0:00  Drone  
  13  0:09  Drone  
  14  0:14  Extractor  
  14  0:15  Drone  
  15  0:21  Overlord  
  15  0:36  Spawning Pool  
  15  0:40  Drone  
  15  0:43  Drone  
  15  0:46  Drone  
  15  0:48  Extractor  
  16  0:54  Drone  
  17  1:13  Hatchery  
  16  1:24  Zergling x2  
  16  1:25  Zergling x2  
  18  1:27  Zergling x2  
  19  1:35  Queen  
  19  1:39  Zergling x2  
  22  1:49  Metabolic Boost  
  22  1:58  Overlord  
  22  2:06  Extractor  
  22  2:07  Drone  
  23  2:16  Queen  
  23  2:17  Drone  
  23  2:21  Drone  
  27  2:26  Drone  
  28  2:32  Drone  
  28  2:45  Zergling x2  
  28  2:46  Zergling x8  
  33  2:52  Zergling x2  
  33  3:01  Overlord  
  33  3:02  Drone  
  34  3:07  Drone  
  34  3:08  Drone  
  36  3:13  Roach Warren  
  36  3:14  Extractor  
  36  3:16  Drone  
  36  3:17  Drone  
  35  3:23  Drone x3  
  38  3:29  Drone  
  37  3:34  Drone x2  
  37  3:37  Overlord  
  37  3:54  Roach x3  
  43  3:56  Roach  
  43  3:57  Roach x3  
  50  4:09  Overlord  
  50  4:11  Zergling x2  
  50  4:24  Lair  
  50  4:29  Zergling x10  
  55  4:38  Zergling x8  
  59  4:40  Overlord  
  49  5:03  Drone x8  
  49  5:04  Ravager  
  49  5:06  Drone  
  57  5:08  Extractor  
  57  5:11  Extractor  
  54  5:14  Drone x3  
  54  5:15  Evolution Chamber  
  54  5:17  Evolution Chamber  
  44  5:23  Roach x2  
  48  5:29  Spire, Evolution Chamber  
  48  5:34  Roach  
  47  5:36  Drone x3  
  49  5:45  Evolution Chamber  
  49  5:47  Evolution Chamber  
  46  5:51  Roach x2  

Tags
 
Add a new tag
Caveats
  • Supply blocks, unpowered buildings, or Contaminate may cause inaccurate times.
  • Supply counts are checked every 10 seconds.